 Dungeon Crawl Stone Soup version 0.29-a0-11-ga75d3d97ab (webtiles) character file.

Game seed: 1708372423070469249

7620 robertstho the Thaumaturge (level 10, -3/50 HPs)
             Began as a Spriggan Earth Elementalist on Jan 28, 2022.
             Was a Priest of Sif Muna.
             Killed by refrigeration
             ... invoked by Fannar
              (15 damage)
             ... on level 10 of the Dungeon.
             The game lasted 00:32:44 (17515 turns).

robertstho the Thaumaturge (SpEE)                  Turns: 17515, Time: 00:32:44

Health: -3/50      AC:  3    Str:  4    XL:     10   Next: 98%
Magic:  11/28      EV: 18    Int: 22    God:    Sif Muna [***...]
Gold:   507        SH:  5    Dex: 15    Spells: 14/35 levels left

rFire   + . .      SeeInvis +   n - staff of earth
rCold   + . .      Faith    .   (shield currently unavailable)
rNeg    . . .      Spirit   .   G - +1 robe {rC+ rF+}
rPois   +          Reflect  +   (helmet restricted)
rElec   .          Harm     .   (no cloak)
rCorr   .          Rampage  .   (gloves unavailable)
Will    +....                   (boots unavailable)
Stlth   ++++......              v - amulet of reflection
HPRegen 0.16/turn               y - +4 ring of slaying
MPRegen 0.21/turn               B - ring of poison resistance

@: very slightly contaminated, very quick
A: very small, no large weapons, unfitting armour, see invisible, speed 3
a: Renounce Religion, Channel Magic, Forget Spell


You were on level 10 of the Dungeon.
You worshipped Sif Muna.
Sif Muna was most pleased with you.
You visited 2 branches of the dungeon, and saw 11 of its levels.
You also visited: Sewer, Ossuary and Bailey.

You collected 507 gold pieces.

Inventory:

Hand Weapons
 w - a +2 rapier of electrocution
Missiles
 c - 246 stones
Armour
 G - a +1 robe of resistance (worn)
 L - +1 swamp dragon scales
Magical Staves
 n - a staff of earth (weapon)
Jewellery
 f - a ring of willpower
 h - a ring of ice
 v - an amulet of reflection (around neck)
 y - a +4 ring of slaying (left hand)
 B - a ring of poison resistance (right hand)
 E - a ring of protection from fire
 H - a ring of positive energy
Wands
 b - a wand of paralysis (4)
 u - a wand of iceblast (5)
 I - a wand of flame (45)
 J - a wand of acid (2)
Scrolls
 a - a scroll of holy word
 e - 3 scrolls of enchant weapon
 i - 4 scrolls of blinking
 k - a scroll of immolation
 l - 2 scrolls of teleportation
 m - 2 scrolls of enchant armour
 s - 3 scrolls of fear
Potions
 d - 4 potions of heal wounds
 g - 2 potions of invisibility {unknown}
 j - 4 potions of lignification {unknown}
 o - a potion of brilliance {unknown}
 p - 2 potions of attraction {unknown}
 q - a potion of flight {unknown}
 r - 2 potions of haste
 x - a potion of resistance {unknown}
 z - 2 potions of magic {unknown}
 A - 6 potions of might {unknown}
 C - a potion of cancellation {unknown}
 D - a potion of mutation {unknown}
 F - 3 potions of curing {unknown}
 K - a potion of ambrosia {unknown}
 M - a potion of experience {unknown}


   Skills:
 * Level 4.2 Fighting
 + Level 0.7 Short Blades
 + Level 0.2 Staves
 + Level 0.6 Armour
 + Level 4.6 Dodging
 * Level 9.8 Stealth
 + Level 0.6 Shields
 * Level 13.3 Spellcasting
 + Level 3.5 Conjurations
 + Level 1.3 Transmutations
 + Level 7.0 Earth Magic
 * Level 3.2 Invocations


You had 14 spell levels left.
You knew the following spells:

 Your Spells              Type           Power      Damage    Failure   Level
a - Sandblast             Erth           100%       2d20      1%          1
b - Passwall              Tmut/Erth      40%        N/A       1%          2
c - Stone Arrow           Conj/Erth      100%       3d13      1%          3
d - Petrify               Tmut/Erth      49%        N/A       8%          4
e - Blink                 Tloc           28%        N/A       6%          2
f - Mephitic Cloud        Conj/Pois/Air  19%        N/A       8%          3
g - Ignite Poison         Fire/Tmut/Pois 16%        N/A       11%         3
h - Frozen Ramparts       Ice            28%        1d4       13%         3

Your spell library contained the following spells:

 Spells                   Type           Power      Damage    Failure   Level
 Magic Dart               Conj           100%       1d8       1%          1
 Call Imp                 Summ           14%        N/A       6%          2
 Lesser Beckoning         Tloc           14%        N/A       13%         3
 Ozocubu's Armour         Ice            14%        N/A       13%         3
 Hailstorm                Conj/Ice       22%        3d7       21%         4
 Summon Ice Beast         Ice/Summ       14%        N/A       38%         4
 Freezing Cloud           Conj/Ice/Air   9%         6-21      58%         5
 Manifold Assault         Tloc           14%        N/A       75%         5
 Ozocubu's Refrigeration  Ice            7%         4d6       100%        7


Dungeon Overview and Level Annotations

Branches:
Dungeon (10/15)            Temple (1/1) D:6           Sewer (visited)
Ossuary (visited)          Bailey (visited)
   Lair: D:8-11         Orc: D:9-12

Altars:
Ashenzari
Cheibriados
Fedhas
Gozag
Kikubaaqudgha
Makhleb
Nemelex Xobeh
Ru
Sif Muna
Trog
Uskayaw
Vehumet
Wu Jian
Yredelemnul
The Shining One

Shops:
D:1 *   D:6 =   D:9 (

Annotations:
D:10 Fannar


Innate Abilities, Weirdness & Mutations

You are very small and have problems with some larger weapons.
You are too small for most types of armour.
You have supernaturally acute eyesight. (SInv)
You cover ground extremely quickly. (Speed+++)


Message History

You are very lightly contaminated with residual magic.
Nothing appears to happen.
Fannar is engulfed in noxious fumes.
Casting: Mephitic Cloud (dangerous; 8% risk of failure)
Confirm with . or Enter, or press ? or * to list all spells.
Aiming: Mephitic Cloud (dangerous; 8% risk of failure)
Press: ? - help, Shift-Dir - straight line, f - Fannar
Aim: Fannar, wielding a +0 quarterstaff of freezing, wearing a +1 robe of cold resistance, wearing a ring of ice and carrying a wand of digging (4) (chance to affect: 53%)
The ball explodes into a vile cloud!
The stinking cloud engulfs Fannar but does no damage.
Fannar is engulfed in noxious fumes.
Casting: Mephitic Cloud (dangerous; 8% risk of failure)
Confirm with . or Enter, or press ? or * to list all spells.
You ignite the poison in your surroundings!
Fannar is engulfed in blazing flames.
Fannar hits you with a +0 quarterstaff of freezing!
Fannar freezes you.
Casting: Ignite Poison (dangerous; 11% risk of failure)
Confirm with . or Enter, or press ? or * to list all spells.
Aiming: Stone Arrow (safe; 1% risk of failure)
Press: ? - help, Shift-Dir - straight line, f/p - Fannar
Aim: Fannar, wielding a +0 quarterstaff of freezing, wearing a +1 robe of cold resistance, wearing a ring of ice and carrying a wand of digging (4) (flame, moderately wounded, 63% to hit)
You feel a surge of power!
The stone arrow hits Fannar!
Fannar is heavily wounded.
Fannar is engulfed in blazing flames.
Fannar casts a spell.
Fannar drains the heat from the surrounding environment!
You resist.
* * * LOW HITPOINT WARNING * * *
Casting: Stone Arrow (safe; 1% risk of failure)
Confirm with . or Enter, or press ? or * to list all spells.
Aiming: Stone Arrow (safe; 1% risk of failure)
Press: ? - help, Shift-Dir - straight line, f/p - Fannar
Aim: Fannar, wielding a +0 quarterstaff of freezing, wearing a +1 robe of cold resistance, wearing a ring of ice and carrying a wand of digging (4) (flame, severely wounded, 63% to hit)
You feel a surge of power!
The stone arrow hits Fannar!
Fannar is severely wounded.
Fannar is engulfed in blazing flames.
Fannar gestures wildly while chanting.
Fannar drains the heat from the surrounding environment!
You resist.
You die...

........... ..........#
≈≈≈≈≈≈
.......○○.######≈≈≈S≈≈
.......○..#.....≈≈≈≈≈≈
.......°○(#....!≈≈≈≈≈≈
......○○..#....≈≈≈≈≈≈≈
......☼e○......≈≈≈≈≈≈S
.......@.......≈≈≈≈≈≈≈
...............≈≈≈≈≈≈≈
...............≈≈≈≈≈≈≈..
...............≈≈####≈..
...............≈≈# #≈..
...............≈≈# #≈..
.................≈≈# #≈..
.........$.........≈≈#+##≈..
#.......#..........≈≈≈.≈≈≈..


You could see Fannar.

Vanquished Creatures
  A gargoyle (Bailey)
  Maggie (D:7)
  Sigmund (D:6)
  2 wyverns (D:8)
  2 vampires (Bailey)
  6 yaks
  Eustachio (D:5)
  2 steam dragons
  Edmund (D:6)
  A water moccasin (D:8)
  A sky beast (D:6)
  4 orc warriors
  A necrophage (D:8)
  An ice beast (D:4)
  An ogre (D:6)
  7 centaurs
  A kobold brigand (D:7)
  2 bullfrogs
  8 scorpions
  A wyvern skeleton (D:7)
  8 killer bees
  10 wights
  7 vampire bats (Bailey)
  2 howler monkeys
  6 wolf zombies (Bailey)
  5 centaur zombies
  A centaur skeleton (D:6)
  2 gnoll shamans
  9 orc priests
  3 hounds
  4 iguanas
  8 orc wizards
  2 hound skeletons (D:4)
  3 mummies (Ossuary)
  11 gnolls
  8 adders
  6 river rats
  2 shadow imps (D:6)
  2 white imps (D:7)
  An ufetubus (D:6)
  An adder skeleton (D:4)
  3 dart slugs
  35 orcs
  4 endoplasms
  5 giant cockroaches
  9 goblins
  6 hobgoblins
  11 jackals
  3 quokkas
  7 ball pythons
  10 bats
  6 frilled lizards
  2 goblin zombies (Ossuary)
  2 hobgoblin zombies (Ossuary)
  12 kobolds
  3 kobold zombies (Ossuary)
  26 orc zombies
  11 rats
301 creatures vanquished.

Notes
Turn   | Place    | Note
-------+----------+-------------------------------------------
     0 | D:1      | robertstho the Spriggan Earth Elementalist began the quest
                  | for the Orb.
     0 | D:1      | Reached XP level 1. HP: 9/9 MP: 5/5
    61 | D:1      | Reached skill level 3 in Spellcasting
   231 | D:1      | Reached XP level 2. HP: 5/13 MP: 4/7
   498 | D:1      | Found Ceuplamu's Assorted Antiques.
  1065 | D:1      | Learned a level 2 spell: Passwall
  1194 | D:1      | Found a faded altar of an unknown god.
  1457 | D:2      | Reached XP level 3. HP: 14/17 MP: 9/9
  2687 | D:2      | Reached skill level 4 in Spellcasting
  3726 | D:3      | Reached skill level 1 in Fighting
  3726 | D:3      | Reached XP level 4. HP: 22/22 MP: 2/11
  3935 | D:3      | Found an opulent altar of Gozag.
  4829 | D:4      | Noticed an orc warrior
  5055 | D:4      | Noticed an ice beast
  5062 | D:4      | Killed an ice beast
  5063 | D:4      | Reached XP level 5. HP: 19/25 MP: 4/13
  5067 | D:4      | Learned a level 3 spell: Stone Arrow
  5072 | D:4      | Learned a level 4 spell: Petrify
  5170 | D:4      | Reached skill level 5 in Spellcasting
  5344 | D:4      | Reached XP level 6. HP: 23/30 MP: 2/15
  5465 | D:4      | Reached skill level 5 in Stealth
  5608 | D:4      | Reached skill level 6 in Spellcasting
  6366 | D:5      | Entered Level 5 of the Dungeon
  6417 | D:5      | Found a glowing drain.
  6433 | Sewer    | Entered a sewer
  6513 | Sewer    | Reached XP level 7. HP: 35/35 MP: 15/17
  7924 | D:5      | Noticed Eustachio
  8041 | D:5      | Killed Eustachio
  8042 | D:5      | Reached skill level 7 in Spellcasting
  8438 | D:6      | Found a sand-covered staircase.
  8447 | Ossuary  | Entered an ossuary
  8461 | Ossuary  | Reached skill level 1 in Conjurations
  8644 | Ossuary  | Reached XP level 8. HP: 39/39 MP: 17/20
  8646 | Ossuary  | Reached skill level 8 in Spellcasting
  9037 | D:6      | Reached skill level 9 in Spellcasting
  9039 | D:6      | Reached skill level 5 in Earth Magic
  9438 | D:6      | Reached skill level 10 in Spellcasting
  9733 | D:6      | Noticed Edmund
  9736 | D:6      | Noticed Sigmund
  9739 | D:6      | Killed Sigmund
  9740 | D:6      | Reached XP level 9. HP: 44/44 MP: 14/24
  9852 | D:6      | Killed Edmund
 10121 | D:6      | Found Morer's Jewellery Emporium.
 10291 | D:6      | Found a staircase to the Ecumenical Temple.
 10297 | Temple   | Entered the Ecumenical Temple
 10530 | Temple   | Became a worshipper of Sif Muna the Loreminder
 10928 | D:7      | Reached skill level 11 in Spellcasting
 11505 | D:7      | Noticed Maggie
 11513 | D:7      | Killed Maggie
 11514 | D:7      | Reached skill level 1 in Invocations
 12674 | D:8      | Found a flagged portal.
 12675 | D:8      | Reached * piety under Sif Muna
 12690 | Bailey   | Entered a bailey
 13156 | Bailey   | Reached XP level 10. HP: 28/49 MP: 13/26
 13164 | Bailey   | Identified the +4 scale mail "Zobufiab" {Harm rN+}
 13600 | Bailey   | Reached skill level 12 in Spellcasting
 13918 | Bailey   | Noticed a gargoyle
 13925 | Bailey   | Killed a gargoyle
 14224 | Bailey   | Reached ** piety under Sif Muna
 14899 | D:8      | Got the Catalogue of the Snowflakes
 15555 | D:9      | Reached skill level 13 in Spellcasting
 16244 | D:9      | Found Bafuphoa's Antique Weapon Boutique.
 16676 | D:9      | Reached *** piety under Sif Muna
 16955 | D:10     | Entered Level 10 of the Dungeon
 17435 | D:10     | Learned a level 2 spell: Blink
 17439 | D:10     | Learned a level 3 spell: Mephitic Cloud
 17443 | D:10     | Learned a level 3 spell: Ignite Poison
 17447 | D:10     | Learned a level 3 spell: Frozen Ramparts
 17504 | D:10     | Noticed Fannar
 17515 | D:10     | Killed from afar by Fannar

Illustrated notes

Levels and vault maps discovered:
D:1:      dpeg_arrival_arbitrary_b, layout_basic, serial_bayou,
          serial_bayou_lagoon_a, serial_bayou_shore_b, serial_bayou_shore_a,
          serial_bayou_ford_a, serial_shops, shop,
          ebering_ecumenical_altar_abandoned, minmay_shallow_snake_nest
D:2:      layout_basic, minmay_tetromino_i4
D:3:      layout_loops_ring, grunt_gozag_statues, minmay_puff
D:4:      layout_basic, chequers_serial_rivers_micro_b
D:5:      layout_basic, portal_sewer_entry_b, uniq_eustachio
D:6:      layout_basic, minmay_temple_entry_fiery, enter_ossuary_1,
          serial_shops, shop, sigmund_edmund_badplayer
D:7:      layout_cave_pods, uniq_maggie
D:8:      layout_cave_pools, enter_bailey_4, chequers_serial_rivers_room_a,
          minmay_misc_feat_alley
D:9:      layout_long_grid, serial_shops, shop
D:10:     lemuel_troll_bridge, layout_layer_cave, lair_entry_dummy,
          chequers_garden, uniq_fannar
Temple:   mainiacjoe_temple_trianglar_array

Skill      XL: |  1  2  3  4  5  6  7  8  9 10 |
---------------+-------------------------------+-----
Spellcasting   | 3 4 5 6 7 10 11 13 | 13.3
Dodging        | 3 4 |  4.6
Earth Magic    | 3 4 5 6 7 |  7.0
Fighting       | 1 2 3 4 |  4.2
Stealth        | 4 5 6 7 9 |  9.8
Conjurations   | 1 2 3 |  3.5
Invocations    | 2 3 |  3.2
Short Blades   | |  0.7
Staves         | |  0.2
Armour         | |  0.6
Shields        | |  0.6
Transmutations | |  1.3

Action                   |  1- 3 |  4- 6 |  7- 9 | 10-12 || total
-------------------------+-------+-------+-------+-------++-------
Melee: Dagger            |   168 |    14 |       |       ||   182
       Punch             |     5 |       |       |       ||     5
       Staff             |       |    17 |    19 |     2 ||    38
 Cast: Sandblast         |    40 |    93 |    74 |    27 ||   234
       Stone Arrow       |       |       |   150 |   134 ||   284
       Petrify           |       |       |     3 |       ||     3
       Mephitic Cloud    |       |       |       |     2 ||     2
       Ignite Poison     |       |       |       |     1 ||     1
Invok: Channel Magic     |       |       |       |     1 ||     1
  Use: Scroll            |     3 |       |    10 |     1 ||    14
 Stab: Sleeping          |     1 |     4 |     2 |       ||     7
Armor: Robe              |    32 |     6 |     5 |       ||    43
       Swamp dragon scal |       |       |     8 |    11 ||    19
Dodge: Dodged            |   182 |    58 |    84 |    64 ||   388
Block: Other             |       |       |     6 |    26 ||    32
       Reflection        |       |       |       |     3 ||     3

Table legend: (Time is in decaauts)
 A = Elapsed time spent in this place.
 B = Non-inter-level travel time spent in this place.
 C = Inter-level travel time spent in this place.
 D = Time resting spent in this place.
 E = Time spent auto-exploring this place.
 F = Levels seen in this place.
 G = Mean time per level.
                   A        B        C        D        E       F      G
               +--------+--------+--------+--------+--------+-----+--------+
         Total |  14512 |  14294 |    218 |   2890 |   9624 |  14 | 1036.6 |
       Dungeon |  11169 |  10975 |    194 |   1652 |   7948 |  10 | 1116.9 |
        Temple |    165 |    142 |     23 |      0 |    140 |   1 |  165.0 |
         Sewer |    850 |    850 |      0 |    104 |    649 |   1 |  850.0 |
       Ossuary |    507 |    507 |      0 |      0 |    384 |   1 |  507.0 |
        Bailey |   1820 |   1820 |      0 |   1134 |    501 |   1 | 1820.0 |
               +--------+--------+--------+--------+--------+-----+--------+

Top non-repeatable levels by time:
  Bailey: 1820 daAuts
     D:2: 1658 daAuts
     D:7: 1552 daAuts
     D:1: 1501 daAuts
     D:6: 1177 daAuts
     D:4: 1114 daAuts
     D:9: 1089 daAuts
     D:5: 901 daAuts
     D:3: 880 daAuts
     D:8: 856 daAuts
   Sewer: 850 daAuts
 Ossuary: 507 daAuts
    D:10: 435 daAuts
  Temple: 165 daAuts
